 Dungeon Crawl Stone Soup version 0.16-a0-3405-g19dd89a (webtiles) character file.

107 Econoterrorist the Ruffian (level 4, 0/38 HPs)
             Began as a Naga Transmuter on Dec 31, 2014.
             Slain by Erg's ghost (13 damage)
             ... on level 3 of the Dungeon.
             The game lasted 00:08:30 (2180 turns).

Econoterrorist the Ruffian (Naga Transmuter)        Turns: 2180, Time: 00:08:30

Health: 0/38       AC:  2    Str: 13    XL:     4   Next: 85%
Magic:  4/7        EV: 19    Int: 14    God:
Gold:   73         SH:  0    Dex: 16    Spells: 2 memorised, 3 levels left

rFire  . . .     SeeInvis +       - Unarmed
rCold  . . .     Clarity  .     c - melded +0 robe
rNeg   . . .     SustAb   .     (shield currently unavailable)
rPois  x         Gourm    .     (helmet currently unavailable)
rElec  .         Spirit   .     s - melded +0 cloak
rCorr  .         Warding  .     (gloves currently unavailable)
rMut   .         Stasis   .     (no barding)
MR     .....                    (no amulet)
Stlth  +.........               (no ring)
                                (no ring)

@: spider-form (expiring), not resistant to hostile enchantments, very
unstealthy
A: spit poison, see invisible, (deformed body), (poison resistance), (slowness
0), AC +1
a: Spit Poison, End Transformation


You were on level 3 of the Dungeon.
You were not hungry.
You were a venomous arachnid creature.
You visited 1 branch of the dungeon, and saw 3 of its levels.

You collected 73 gold pieces.

Inventory:

Missiles
 b - 12 arrows
Armour
 c - a +0 robe (melded)
 s - a +0 cloak (melded)
Scrolls
 e - a scroll of fear {unknown}
 g - a scroll of random uselessness {unknown}
 j - 3 scrolls of remove curse {unknown}
 m - 2 scrolls of identify {unknown}
 o - a scroll of teleportation {unknown}
Potions
 h - a potion of heal wounds {unknown}
 i - a potion of curing {unknown}
 k - a potion of brilliance {unknown}
 l - a potion of agility {unknown}
 p - a potion of flight {unknown}
 q - a potion of magic {unknown}
Books
 d - a book of Changes

   Spells                             Type                      Level
   a - Beastly Appendage              Transmutation                1
   b - Sticks to Snakes               Transmutation                2
   c - Spider Form                    Transmutation/Poison         3
   d - Ice Form                       Ice/Transmutation            4
   e - Blade Hands                    Transmutation                5
Comestibles
 a - 3 bread rations
 f - 3 meat rations
 n - 2 fruits
 r - a beef jerky


   Skills:
 - Level 1.0 Fighting
 - Level 1.5 Dodging
 - Level 5.0 Unarmed Combat
 - Level 2.0 Spellcasting
 + Level 2.2 Transmutations
 + Level 1.8 Poison Magic


You had 3 spell levels left.
You knew the following spells:

 Your Spells              Type           Power        Failure   Level  Hunger
a - Beastly Appendage     Trmt           #.....       28%         1    ##.....
b - Spider Form           Trmt/Pois      #.........   52%         3    ####...


Dungeon Overview and Level Annotations

Branches:
Dungeon (3/15)

Altars:

Annotations:
D:3 Erg's ghost, average MiBe


Innate Abilities, Weirdness & Mutations

You cannot wear boots.
You can spit poison.
((Your serpentine skin is tough (AC +1).))
You have supernaturally acute eyesight.
((Armour fits poorly on your strangely shaped body.))
((Your system is resistant to poisons.))
((You cover ground very slowly.))


Message History

You barely miss Erg's ghost. Erg's ghost misses you.
You hit Erg's ghost.
Erg's ghost is lightly damaged.
Erg's ghost closely misses you.
You barely miss Erg's ghost.
Erg's ghost is lightly damaged.
Erg's ghost screams in joy, "As in life, so in death: Kill!
Kill!!
Kill!!!"
Erg's ghost hits you. Erg's ghost burns you.
You hit Erg's ghost but do no damage.
Erg's ghost is lightly damaged.
Erg's ghost hits you. Erg's ghost burns you.
You barely miss Erg's ghost.
Erg's ghost is lightly damaged.
Your transformation is almost over.
Erg's ghost misses you.
You bite Erg's ghost!
Erg's ghost is lightly damaged.
Erg's ghost hits you! Erg's ghost burns you. Erg's ghost hits you!
You die...

#########
.........#######
#.......W.....#
#....##s#####....
... #.# . ..#
...# ##.## #. #.
#. .


You could see Erg's ghost.

Vanquished Creatures
  2 adders (D:2)
  A giant mite (D:2)
  5 worms (D:2)
  2 giant geckos (D:2)
  2 oozes
  7 goblins
  5 hobgoblins
  A quokka (D:2)
  A ball python (D:2)
  2 bats (D:2)
  4 giant cockroaches
  3 giant newts
  4 jackals (D:1)
  9 kobolds
  5 rats
53 creatures vanquished.

Notes
Turn   | Place    | Note
--------------------------------------------------------------
     0 | D:1      | Econoterrorist, the Naga Transmuter, began the quest for the Orb.
     0 | D:1      | Reached XP level 1. HP: 18/18 MP: 3/3
   679 | D:1      | Reached XP level 2. HP: 16/25 MP: 4/4
  1203 | D:1      | Reached skill level 4 in Unarmed Combat
  1307 | D:1      | Reached XP level 3. HP: 31/31 MP: 6/6
  1320 | D:1      | Learned a level 3 spell: Spider Form
  1597 | D:2      | Reached XP level 4. HP: 33/38 MP: 7/7
  1656 | D:2      | Reached skill level 5 in Unarmed Combat
  1764 | D:2      | Reached skill level 1 in Poison Magic
  2126 | D:3      | Noticed Erg's ghost (average MiBe)
  2180 | D:3      | Slain by Erg's ghost

Action                   |  1- 3 |  4- 6 || total
-------------------------+-------+-------++-------
Melee: Unarmed           |    61 |    53 ||   114
 Cast: Beastly Appendage |     2 |     1 ||     3
       Spider Form       |       |     1 ||     1
 Abil: Spit Poison       |    28 |    19 ||    47
  Eat: Chunk             |     4 |     3 ||     7
